 Dungeon Crawl Stone Soup version 0.27-a0-277-g024f7ef292 (webtiles) character file.

Game seed: 10504850480036910707

46 Borgoz the Ruffian (level 3, 0/30 HPs)
             Began as a Ghoul Gladiator on Feb 5, 2021.
             Slain by a gnoll (6 damage)
             ... on level 2 of the Dungeon.
             The game lasted 00:01:13 (1446 turns).

Borgoz the Ruffian (Ghoul Gladiator)                Turns: 1446, Time: 00:01:13

Health: 0/30       AC:  4    Str: 17    XL:     3   Next: 68%
Magic:  2/2        EV: 12    Int:  3    God:
Gold:   105        SH:  0    Dex: 11    Spells: 2/2 levels left

rFire    . . .     SeeInvis .     - Unarmed
rCold    + . .     Faith    .   (no shield)
rNeg     + + +     Spirit   .   a - +0 leather armour
rPois    ∞         Reflect  .   b - +0 helmet
rElec    .         Harm     .   (no cloak)
rCorr    .         Rampage  .   (no gloves)
Will     .....                  (no boots)
Stlth    +.........             e - amulet of regeneration
HPRegen  0.00/turn              (no ring)
MPRegen  0.08/turn              (no ring)

@: no status effects
A: claws 1, cold resistance 1, negative energy resistance 3, inhibited
regeneration, torment resistance, unbreathing
a: no special abilities


You were on level 2 of the Dungeon.
You visited 1 branch of the dungeon, and saw 2 of its levels.

You collected 105 gold pieces.

Inventory:

Missiles
 c - 3 throwing nets (quivered)
Armour
 a - a +0 leather armour (worn)
 b - a +0 helmet (worn)
Jewellery
 e - an amulet of regeneration (around neck)
Scrolls
 d - a scroll of remove curse
 h - a scroll of immolation {unknown}


   Skills:
 + Level 2.8 Fighting
 - Level 1.7 Throwing
 + Level 1.1 Armour
 + Level 3.1 Dodging
 + Level 3.7 Unarmed Combat


You had 2 spell levels left.
You didn't know any spells.
Your spell library was empty.

Dungeon Overview and Level Annotations

Branches:
Dungeon (2/15)

Altars:
Nemelex Xobeh


Innate Abilities, Weirdness & Mutations

You thrive by killing the living.
You are immune to poison.
You have sharp fingernails.
Your flesh is cold resistant. (rC+)
You are immune to negative energy. (rN+++)
You do not regenerate when monsters are visible.
You are immune to unholy pain and torment.
You can survive without breathing.


Message History

The shaft crumbles and collapses.
A gnoll comes into view. It is wielding a +0 halberd.
You barely miss the gnoll. The gnoll hits you. The gnoll closely misses you.
You barely miss the gnoll. The gnoll hits you but does no damage.
The gnoll closely misses you.
You barely miss the gnoll. The gnoll hits you.
You barely miss the gnoll. The gnoll closely misses you. The gnoll hits you.
You scratch the gnoll.
The gnoll is lightly wounded.
The gnoll closely misses you. The gnoll hits you!
You scratch the gnoll but do no damage.
The gnoll is lightly wounded.
The gnoll barely misses you.
The gnoll hits you from afar with a +0 halberd.
* * * LOW HITPOINT WARNING * * *
You are too injured to fight recklessly!
You scratch the gnoll.
The gnoll is heavily wounded.
The gnoll hits you.
You die...

#.# ##) #.#
#.. #.#
..## #.#
##. #.# #
#.# ## #.#
..
#.###.#####
#..@g......
#####g#####
## # #. #.
#. #. #. #.
#.


You could see 2 gnolls.

Vanquished Creatures
  An adder (D:2)
  An ooze (D:1)
  A dart slug (D:1)
  An orc (D:2)
  5 bats
  A giant cockroach (D:1)
  3 hobgoblins
  A quokka (D:2)
  A ball python (D:2)
  3 frilled lizards (D:2)
  5 goblins
  3 kobolds (D:2)
  4 rats
30 creatures vanquished.

Notes
Turn   | Place    | Note
-------+----------+-------------------------------------------
     0 | D:1      | Borgoz the Ghoul Gladiator began the quest for the Orb.
     0 | D:1      | Reached XP level 1. HP: 17/17 MP: 0/0
   241 | D:1      | Reached XP level 2. HP: 25/25 MP: 1/1
   937 | D:2      | Found a sparkling altar of Nemelex Xobeh.
  1006 | D:2      | Reached XP level 3. HP: 30/30 MP: 2/2
  1017 | D:2      | Reached skill level 1 in Armour
  1446 | D:2      | Slain by a gnoll

Illustrated notes

Levels and vault maps discovered:
D:1:      dpeg_arrival_rhombi, layout_basic, lemuel_flame_loot_1
D:2:      layout_loops_cross, nemelex_xobeh_ov_fountains_minmay

Skill      XL: |  1  2  3 |
---------------+----------+-----
Dodging        | 3 |  3.1
Armour         | 1 |  1.1
Fighting       | |  2.8
Throwing       | |  1.7
Unarmed Combat | |  3.7

Action                   || total
-------------------------++-------
Melee: Unarmed           ||    90
       Punch             ||     1
  Use: Scroll            ||     4
Armor: Leather armour    ||    27
Dodge: Dodged            ||    46

Table legend: (Time is in decaauts)
 A = Elapsed time spent in this place.
 B = Non-inter-level travel time spent in this place.
 C = Inter-level travel time spent in this place.
 D = Time resting spent in this place.
 E = Time spent auto-exploring this place.
 F = Levels seen in this place.
 G = Mean time per level.
                   A        B        C        D        E       F      G
               +--------+--------+--------+--------+--------+-----+--------+
         Total |   1439 |   1378 |     61 |      0 |   1165 |   2 |  719.5 |
       Dungeon |   1439 |   1378 |     61 |      0 |   1165 |   2 |  719.5 |
               +--------+--------+--------+--------+--------+-----+--------+

Top non-repeatable levels by time:
     D:1: 934 daAuts
     D:2: 505 daAuts
